 Dungeon Crawl Stone Soup version 0.31-a0-177-g4aa6249778 (webtiles) character file.

Game seed: 6311238401115675107

94 qw the Chopper (level 4, -3/28 HPs)
             Began as a Gargoyle Fighter on June 18, 2023.
             Slain by an orc
             ... wielding a +0 trident
              (4 damage)
             ... on level 4 of the Dungeon.
             The game lasted 00:00:27 (596 turns).

qw the Chopper (Gargoyle Fighter)                    Turns: 596, Time: 00:00:28

Health: -3/28      AC: 12    Str: 20    XL:     4   Next: 63%
Magic:  4/4        EV:  7    Int:  8    God:
Gold:   27         SH:  5    Dex: 15    Spells: 3/3 levels left

rFire   + . .        Y - +0 war axe
rCold   . . .        c - +0 buckler
rNeg    + . .        g - +0 chain mail
rPois   inf          (no helmet)
rElec   +            (no cloak)
rCorr   .            (no gloves)
SInv    .            (no boots)
Will    .....        (no amulet) Stlth
                     (no ring)
HPRegen 0.24/turn    (no ring)
MPRegen 0.09/turn

%: no passive effects
@: no status effects
A: sickness immunity, AC +3, negative energy resistance 1, electricity
resistance, torment resistance 1, petrification resistance, thin skeletal
structure 1, agile 1, fire resistance 1
a: no special abilities


You were on level 4 of the Dungeon.
You visited 1 branch of the dungeon, and saw 3 of its levels.

You collected 27 gold pieces.


Innate Abilities, Weirdness & Mutations

You are immune to sickness and miasma.
Your stone body is resilient. (AC +3)
You are immune to poison.
You resist negative energy. (rN+)
You are resistant to electric shocks. (rElec)
You are resistant to unholy torment.
You are immune to petrification.
You have a somewhat thin skeletal structure. (Dex +2, Stealth+)
You are agile. (Dex +4, Str/Int -1)
Your flesh is heat resistant. (rF+)


   Skills:
 - Level 3.2 Fighting
 - Level 4.1 Axes
 - Level 3.2 Armour
 + Level 0.5 Dodging
 - Level 3.2 Shields


You had 3 spell levels left.
You didn't know any spells.
Your spell library was empty.

Inventory:

Hand Weapons
 i - a +0 club
 Y - a +0 war axe (weapon)
Armour
 c - a +0 buckler (worn)
 g - a +0 chain mail (worn)
Scrolls
 b - a scroll of poison {unknown}
Potions
 a - a potion of degeneration {unknown}
 d - a potion of might
 e - a potion of berserk rage {unknown}
 f - a potion of resistance {unknown}
 h - 2 potions of mutation

Dungeon Overview and Level Annotations

Branches:
Dungeon (2/15)

Altars:


Message History

The iguana hisses angrily.
The worm bites you but does no damage.
You hit the worm.
The worm is heavily wounded.
You slash the orc!
You kill the orc!
The orc hits you from afar with a +0 trident.
The worm bites you.
You slash the worm!
The worm is severely wounded.
You hit the orc but do no damage. The orc hits you with a +0 short sword.
You block the orc's attack. The orc closely misses you.
The orc hits you but does no damage.
You slash the worm!
You kill the worm!
You barely miss the orc. The orc barely misses you.
The orc hits you but does no damage.
You closely miss the orc. The orc barely misses you.
You block the orc's attack.
You closely miss the orc. You block the orc's attack.
The orc barely misses you. The orc hits you but does no damage. x2
The iguana bites you but does no damage.
You barely miss the iguana. You barely miss the orc.
The orc hits you with a +0 short sword.
The orc hits you from afar with a +0 trident.
The iguana bites you but does no damage.
You slash the iguana!
The iguana is heavily wounded.
You barely miss the orc.
The orc hits you but does no damage. x2; The iguana bites you!
You barely miss the iguana.
The iguana is heavily wounded.
You hit the orc but do no damage. The orc barely misses you.
The orc hits you from afar with a +0 trident.
The iguana closely misses you. The orc hits you but does no damage.
The iguana bites you but does no damage.
The orc hits you from afar with a +0 trident.
You die...

...............
...............
...............
................
................#
.$......o.......#
......%)o.......###
......)@l.......#..
................#.#
................#.#
................#.#
?...............#.#
................#.##
...................#
...................#
...................#


You could see an iguana and 2 orcs.

Vanquished Creatures
  A bullfrog (D:4)
  A worm (D:4)
  3 orcs (D:4)
  A bat (D:2)
  3 endoplasms (D:1)
  A giant cockroach (D:4)
  A goblin (D:1)
  3 hobgoblins
  2 quokkas
  A ball python (D:1)
  3 frilled lizards
  A rat (D:1)
21 creatures vanquished.

Notes
Turn   | Place    | Note
-------+----------+-------------------------------------------
     0 | D:1      | qw the Gargoyle Fighter began the quest for the Orb.
     0 | D:1      | Reached XP level 1. HP: 14/14 MP: 1/1
     0 | D:1      | 0 ||| qw: Version: 0.3-a-5-g6f28e65
     0 | D:1      | 0 ||| qw: Game counter: 581
     0 | D:1      | 0 ||| qw: Always use a shield: true
     0 | D:1      | 0 ||| qw: God list: Okawaru
     0 | D:1      | 0 ||| qw: Allow faded altars: false
     0 | D:1      | 0 ||| qw: Do Orc after D:15 true
     0 | D:1      | 0 ||| qw: Do second Lair branch before Depths: true
     0 | D:1      | 0 ||| qw: Lair rune preference: random
     0 | D:1      | 0 ||| qw: Plans: Normal, Zot:1-4, Slime:5, God:TSO, Crypt,
                  | Tomb, Abyss, Pan, Hells, Win
     0 | D:1      | 0 ||| PLANNING D:1-11
    87 | D:1      | Reached skill level 2 in Axes
   140 | D:1      | Reached XP level 2. HP: 19/19 MP: 2/2
   365 | D:1      | 365 ||| UPGRADING to +0 chain mail.
   375 | D:1      | 375 ||| DROPPING +0 scale mail.
   376 | D:1      | 376 ||| READING scroll labelled WUTYAH GOIZO.
   377 | D:1      | 377 ||| DRINKING 3 viscous amethyst potions.
   377 | D:1      | Gained mutation: You have a somewhat thin skeletal
                  | structure. (Dex +2, Stealth+) [potion of mutation]
   377 | D:1      | Gained mutation: Your flesh is heat resistant. (rF+)
                  | [potion of mutation]
   377 | D:1      | Gained mutation: You are agile. (Dex +4, Str/Int -1)
                  | [potion of mutation]
   471 | D:2      | You fall into a shaft and drop 2 floors!
   539 | D:4      | Noticed a bullfrog
   551 | D:4      | Killed a bullfrog
   552 | D:4      | Reached skill level 4 in Axes
   552 | D:4      | Reached XP level 3. HP: 21/23 MP: 3/3
   552 | D:4      | Reached XP level 4. HP: 25/28 MP: 4/4
   595 | D:4      | HP: 2/28 [iguana (9)]
   596 | D:4      | Slain by an orc

Levels and vault maps discovered:
D:1:      dpeg_arrival_three_bigger_balls, layout_rooms
D:2:      layout_basic, basic_ecumenical_altar, minmay_pentomino_o4
D:4:      layout_basic

Skill      XL: |  1  2 |
---------------+-------+-----
Axes           | 2 4 |  4.1
Fighting       | |  3.2
Armour         | |  3.2
Dodging        | |  0.5
Shields        | |  3.2

Action                     |  1- 3 |  4- 6 || total
---------------------------+-------+-------++-------
  Melee: War axe           |    43 |    19 ||    62
    Use: Scroll            |     1 |       ||     1
         Potion            |     1 |       ||     1
 Armour: Scale mail        |     6 |       ||     6
         Chain mail        |    16 |    25 ||    41
  Dodge: Dodged            |    14 |     9 ||    23
  Block: Buckler           |     9 |     7 ||    16

Table legend:
 A = Non-vault XP
 B = Vault XP
 C = Vault XP percentage of total XP
 D = Non-vault monster count
 E = Vault monster count
 F = Vault count percentage of total count
                 A         B        C        D         E       F
            +---------+---------+-------+---------+---------+-------
      Total |     135 |       0 |   0.0 |      21 |       0 |   0.0
            +---------+---------+-------+---------+---------+-------
        D:1 |      18 |       0 |   0.0 |      11 |       0 |   0.0
        D:2 |       3 |       0 |   0.0 |       2 |       0 |   0.0
        D:4 |     114 |       0 |   0.0 |       8 |       0 |   0.0
            +---------+---------+-------+---------+---------+-------
